 Dungeon Crawl Stone Soup version 0.28-b1-25-g9875b3fc8c (webtiles) character file.

Game seed: 9223882790068754084

278 mopl the Ducker (level 6, 0/79 HPs)
             Began as a Gnoll Monk on Feb 8, 2022.
             Was an Elder of Kikubaaqudgha.
             Slain by a hound skeleton (2 damage)
             ... on level 4 of the Dungeon.
             The game lasted 00:05:05 (4161 turns).

mopl the Ducker (Gnoll Monk)                        Turns: 4161, Time: 00:05:06

Health: 0/79       AC:  7    Str: 11    XL:     6   Next: 26%
Magic:  8/8        EV:  2    Int:  9    God:    Kikubaaqudgha [****..]
Gold:   69         SH:  0    Dex: 16    Spells: 3/8 levels left

rFire   . . .      SeeInvis .   j - +4 spear
rCold   . . .      Faith    .   (no shield)
rNeg    . . .      Spirit   .   (armour currently unavailable)
rPois   +          Reflect  .   (helmet currently unavailable)
rElec   .          Harm     .   (cloak currently unavailable)
rCorr   .          Rampage  .   (gloves currently unavailable)
Will    .....      NoTele   +   (boots currently unavailable)
Stlth   +++.......              (no amulet)
HPRegen 0.23/turn               (no ring)
MPRegen 0.11/turn               (no ring)

@: mighty, brilliant, tree-form, weak-willed, corroded
A: stationary, stasis, torment immunity, boosted hp, (fangs 1), strong nose,
distributed training
a: Renounce Religion, Receive Corpses


You were on level 4 of the Dungeon.
You worshipped Kikubaaqudgha.
Kikubaaqudgha was greatly pleased with you.
You were a tree.
You visited 1 branch of the dungeon, and saw 4 of its levels.

You collected 81 gold pieces.
You spent 12 gold pieces at shops.

Inventory:

Hand Weapons
 a - a +0 mace
 d - a +1 dagger of holy wrath
 j - a +4 spear (weapon)
 k - a +0 flail
Missiles
 l - 5 poisoned darts (quivered)
Armour
 g - a +0 pair of gloves (melded)
 t - a +0 ring mail (melded)
Magical Staves
 o - a staff of air
Wands
 s - a wand of polymorph (4)
Scrolls
 i - a scroll of teleportation
 m - 2 scrolls of immolation
Potions
 f - a potion of lignification {!q}
 n - a potion of resistance {unknown}
 q - a potion of curing {unknown}
 u - 2 potions of magic {unknown}
 v - a potion of mutation {unknown}


   Skills:
 + Level 6.8 Fighting
 + Level 1.9 Short Blades
 + Level 1.9 Long Blades
 + Level 1.9 Axes
 + Level 6.8 Maces & Flails
 + Level 1.9 Polearms
 + Level 1.9 Staves
 + Level 1.9 Slings
 + Level 1.9 Bows
 + Level 1.9 Crossbows
 + Level 1.9 Throwing
 + Level 1.9 Armour
 + Level 6.8 Dodging
 + Level 4.5 Stealth
 + Level 1.9 Shields
 + Level 1.9 Unarmed Combat
 + Level 1.9 Spellcasting
 + Level 1.5 Conjurations
 + Level 1.5 Hexes
 + Level 1.5 Summonings
 + Level 1.5 Necromancy
 + Level 1.5 Translocations
 + Level 1.5 Transmutations
 + Level 1.5 Fire Magic
 + Level 1.5 Ice Magic
 + Level 1.5 Air Magic
 + Level 1.5 Earth Magic
 + Level 1.5 Poison Magic
 + Level 2.1 Invocations
 + Level 1.9 Evocations


You had 3 spell levels left.
You knew the following spells:

 Your Spells              Type           Power      Damage    Failure   Level
a - Apportation           Tloc           10%        N/A       19%         1
b - Vampiric Draining     Necr           5%         2d6       50%         3
x - Animate Skeleton      Necr           10%        N/A       19%         1

Your spell library contained the following spells:

 Spells                   Type           Power      Damage    Failure   Level
 Magic Dart               Conj           20%        1d4       19%         1
 Summon Small Mammal      Summ           20%        N/A       19%         1
 Searing Ray              Conj           10%        2d4       28%         2
 Sublimation of Blood     Necr           5%         N/A       28%         2
 Animate Dead             Necr           2%         N/A       88%         4
 Dispel Undead            Necr           5%         3d7       88%         4
 Fulminant Prism          Conj/Hex       2%         3d6       88%         4
 Agony                    Necr           5%         N/A       99%         5
 Excruciating Wounds      Necr           2%         N/A       99%         5
 Death Channel            Necr           2%         N/A       100%        6
 Simulacrum               Ice/Necr       2%         N/A       100%        6


Dungeon Overview and Level Annotations

Branches:
Dungeon (4/15)
 Temple: D:4-7

Altars:
Kikubaaqudgha

Shops:
D:3 !


Innate Abilities, Weirdness & Mutations

You are a tree.
Your roots penetrate the ground, keeping you stationary.
You cannot be teleported.
You are immune to unholy pain and torment.
Your maximum health is greatly increased.
Your equipment is partially melded.
((You have very sharp teeth.))
Your uncanny sense of smell can sniff out nearby items.
Your experience applies equally to all skills.


Message History

The jelly hits you but does no damage.
It was a potion of brilliance.
You feel clever all of a sudden. The jelly hits you but does no damage.
It was a potion of might.
You feel very mighty all of a sudden. The jelly hits you but does no damage.
The hound skeleton bites you but does no damage.
It was a potion of ambrosia.
You are confused.
You feel invigorated.
The hound skeleton bites you but does no damage.
The jelly hits you but does no damage.
You cannot move. (Use ctrl+direction or * direction to attack without moving.)
You cannot move. (Use ctrl+direction or * direction to attack without moving.)
You hit the jelly but do no damage.
Your branches burn!
* * * LOW HITPOINT WARNING * * *
The jelly is heavily wounded.
The hound skeleton bites you but does no damage.
The jelly hits you but does no damage.
You puncture the jelly!
Flame seeps out of the jelly.
The acid corrodes you!
Your branches burn!
* * * LOW HITPOINT WARNING * * *
The jelly is almost dead.
You feel less invigorated.
You feel less confused. The hound skeleton bites you.
* * * LOW HITPOINT WARNING * * *
The jelly hits you but does no damage. The hound skeleton bites you.
* * * LOW HITPOINT WARNING * * *
You hit the jelly but do no damage.
Your branches burn!
* * * LOW HITPOINT WARNING * * *
The jelly is almost dead.
The jelly hits you but does no damage. The hound skeleton barely misses you.
You hit the jelly but do no damage.
Your branches burn!
* * * LOW HITPOINT WARNING * * *
The jelly is almost dead.
The hound skeleton bites you.
You die...
Kikubaaqudgha rasps: "You have failed me!
Welcome... death!"

##.#.# ######.#.#
#####....#.#.# ....#....#.#.#
...........#.# ....#....###.#
...........#.#
.########.##.###########
..............§J♣Z§§Z...
..?.#####....##############
....# #####.# #.....#..(.#
....# #...#.###.###.#'##.#
....# #......##.#......#.####
....# #......##.#......#....#
....####......##.#......####.#
....##........##.#......# #.#
######.######.##.######## #.#


You could see a jelly (inner flame, weak-willed) and a hound skeleton (inner
flame, weak-willed).

Vanquished Creatures
  A hound (D:4)
  An iguana (D:4)
  An orc wizard (D:3)
  6 gnolls
  6 adders
  A dart slug (D:2)
  6 orcs
  9 ball pythons
  4 bats
  4 endoplasms
  3 giant cockroaches
  5 goblins
  8 hobgoblins
  3 jackals (D:2)
  4 quokkas
  7 frilled lizards
  8 kobolds
  7 rats
84 creatures vanquished.

Vanquished Creatures (others)
  A fungus (D:2)
1 creature vanquished.

Grand Total: 85 creatures vanquished

Notes
Turn   | Place    | Note
-------+----------+-------------------------------------------
     0 | D:1      | mopl the Gnoll Monk began the quest for the Orb.
     0 | D:1      | Reached XP level 1. HP: 23/23 MP: 1/1
   100 | D:1      | Reached XP level 2. HP: 17/29 MP: 2/2
   256 | D:1      | Found a faded altar of an unknown god.
   259 | D:1      | Prayed at the altar of an unknown god.
   259 | D:1      | Became a worshipper of Kikubaaqudgha
   259 | D:1      | Reached * piety under Kikubaaqudgha
   259 | D:1      | Received a gift from Kikubaaqudgha
   259 | D:1      | Reached ** piety under Kikubaaqudgha
   587 | D:1      | Reached *** piety under Kikubaaqudgha
   587 | D:1      | Received a gift from Kikubaaqudgha
   917 | D:1      | Reached XP level 3. HP: 35/35 MP: 3/3
  1184 | D:2      | Reached skill level 1 in Invocations
  1503 | D:1      | Reached skill level 1 in Short Blades
  1503 | D:1      | Reached skill level 1 in Long Blades
  1503 | D:1      | Reached skill level 1 in Axes
  1503 | D:1      | Reached skill level 1 in Polearms
  1503 | D:1      | Reached skill level 1 in Staves
  1503 | D:1      | Reached skill level 1 in Slings
  1503 | D:1      | Reached skill level 1 in Bows
  1503 | D:1      | Reached skill level 1 in Crossbows
  1503 | D:1      | Reached skill level 1 in Throwing
  1503 | D:1      | Reached skill level 1 in Armour
  1503 | D:1      | Reached skill level 1 in Shields
  1503 | D:1      | Reached skill level 1 in Unarmed Combat
  1503 | D:1      | Reached skill level 1 in Spellcasting
  1503 | D:1      | Reached skill level 1 in Evocations
  1617 | D:1      | Reached XP level 4. HP: 23/41 MP: 5/5
  1998 | D:2      | Reached skill level 1 in Conjurations
  1998 | D:2      | Reached skill level 1 in Hexes
  1998 | D:2      | Reached skill level 1 in Summonings
  1998 | D:2      | Reached skill level 1 in Necromancy
  1998 | D:2      | Reached skill level 1 in Translocations
  1998 | D:2      | Reached skill level 1 in Transmutations
  1998 | D:2      | Reached skill level 1 in Fire Magic
  1998 | D:2      | Reached skill level 1 in Ice Magic
  1998 | D:2      | Reached skill level 1 in Air Magic
  1998 | D:2      | Reached skill level 1 in Earth Magic
  1998 | D:2      | Reached skill level 1 in Poison Magic
  2230 | D:2      | Learned a level 3 spell: Vampiric Draining
  2232 | D:2      | Learned a level 1 spell: Apportation
  2234 | D:2      | Learned a level 1 spell: Animate Skeleton
  2427 | D:2      | Reached XP level 5. HP: 32/47 MP: 6/6
  2682 | D:3      | Found Irroix's Distillery.
  2688 | D:3      | Bought a potion of degeneration for 12 gold pieces
  3244 | D:3      | Reached **** piety under Kikubaaqudgha
  3905 | D:4      | Reached skill level 2 in Invocations
  3905 | D:4      | Reached XP level 6. HP: 35/53 MP: 8/8
  4161 | D:4      | HP: 2/79 [acid (3)]
  4161 | D:4      | Slain by a hound skeleton

Illustrated notes

Levels and vault maps discovered:
D:1:      dpeg_arrival_boxorama, layout_basic,
          hellmonk_ecumenical_altar_heavens_door, serial_aquarium,
          aquarium_bridge_square [aquarium_subvault_balcony,
          aquarium_subvault_bridge, aquarium_subvault_bridge,
          aquarium_subvault_bridge], aquarium_window_fake,
          aquarium_window_corridor_3, aquarium_view_2e, aquarium_pool_S
D:2:      layout_basic, grunt_ministairs_3, minmay_crystal_water,
          nrook_mini_backslash, minmay_shallow_snake_nest
D:3:      layout_basic, serial_shops, shop
D:4:      layout_basic

Skill      XL: |  1  2  3  4  5 |
---------------+----------------+-----
Invocations    | 1 2 |  2.1
Short Blades   | 1 |  1.9
Long Blades    | 1 |  1.9
Axes           | 1 |  1.9
Polearms       | 1 |  1.9
Staves         | 1 |  1.9
Slings         | 1 |  1.9
Bows           | 1 |  1.9
Crossbows      | 1 |  1.9
Throwing       | 1 |  1.9
Armour         | 1 |  1.9
Shields        | 1 |  1.9
Unarmed Combat | 1 |  1.9
Spellcasting   | 1 |  1.9
Evocations     | 1 |  1.9
Conjurations   | 1 |  1.5
Hexes          | 1 |  1.5
Summonings     | 1 |  1.5
Necromancy     | 1 |  1.5
Translocations | 1 |  1.5
Transmutations | 1 |  1.5
Fire Magic     | 1 |  1.5
Ice Magic      | 1 |  1.5
Air Magic      | 1 |  1.5
Earth Magic    | 1 |  1.5
Poison Magic   | 1 |  1.5
Fighting       | |  6.8
Maces & Flails | |  6.8
Dodging        | |  6.8
Stealth        | |  4.5

Action                   |  1- 3 |  4- 6 || total
-------------------------+-------+-------++-------
Melee: Mace              |    69 |       ||    69
       Bite              |     8 |    14 ||    22
       Punch             |     1 |       ||     1
       Spear             |       |   193 ||   193
 Cast: Apportation       |       |     1 ||     1
  Use: Scroll            |       |     5 ||     5
       Potion            |       |     4 ||     4
 Stab: Sleeping          |    14 |     8 ||    22
Armor: Robe              |     7 |       ||     7
       Leather armour    |     3 |    17 ||    20
       Ring mail         |       |    14 ||    14
       Skin              |       |    13 ||    13
Dodge: Dodged            |    43 |   119 ||   162
